Map: [ESL] Site Delta

Players

Spirit - Winner!

  • Race: Terran Terran
  • Spawn Location: 11:00

PtitDrogo

  • Race: Protoss Protoss
  • Spawn Location: 5:00

Event: ESL SC2 Masters 2023 Winter (Regional)

VOD

Have the link to the VOD?

Description

Time

  • Played on: Oct. 26, 2023, 11:56 a.m.
  • Length: 16:40

All games in this series

Show
View Real Time Build Order
Export as new Build Order

Spirit Terran - Winner!

Build Orders:  

Get SALT Encoding   

  12  0:00  SCV  
  13  0:12  SCV  
  14  0:17  Supply Depot  
  14  0:24  SCV  
  15  0:38  SCV  
  15  0:40  Barracks  
  16  0:44  Refinery  
  16  0:50  SCV  
  17  1:03  SCV  
  18  1:15  SCV  
  19  1:26  Marine  
  19  1:27  Orbital Command  
  20  1:45  Command Center  
  20  1:52  Factory  
  20  1:56  SCV  
  21  2:03  Supply Depot  
  21  2:05  Barracks Reactor  
  21  2:09  SCV  
  21  2:13  Refinery  
  22  2:21  SCV  
  23  2:33  SCV  
  24  2:39  Starport  
  24  2:45  Hellion  
  24  2:46  Hellion  
  24  2:47  Marine, SCV  
  30  2:58  Orbital Command  
  30  3:01  SCV  
  31  3:07  Widow Mine x2  
  35  3:14  SCV  
  35  3:16  Medivac  
  38  3:20  Supply Depot  
  38  3:23  SCV  
  39  3:28  Widow Mine  
  39  3:33  SCV, Widow Mine  
  44  3:36  Barracks Tech Lab  
  44  3:38  Bunker  
  44  3:40  SCV  
  45  3:45  SCV  
  46  3:52  SCV  
  46  3:54  Barracks  
  47  3:57  SCV  
  47  3:58  Starport Tech Lab  
  47  4:01  Supply Depot  
  48  4:04  SCV, Marine x2  
  48  4:09  SCV  
  52  4:16  SCV  
  53  4:18  Barracks  
  53  4:21  SCV  
  53  4:22  Raven, Marine  
  57  4:28  SCV  
  57  4:29  Siege Tank  
  55  4:33  Marine  
  55  4:34  SCV  
  53  4:40  Marine  
  53  4:41  SCV, Engineering Bay  
  53  4:44  Supply Depot  
  53  4:46  SCV  
  53  4:49  Barracks Tech Lab  
  53  4:50  Marine  
  53  4:51  Supply Depot  
  55  4:53  SCV  
  55  4:57  Marine  
  55  4:58  SCV  
  55  4:59  Refinery  
  58  5:04  Siege Tank  
  58  5:05  SCV  
  60  5:07  Stimpack  
  60  5:08  Marine  
  60  5:10  SCV  
  62  5:14  Supply Depot  
  62  5:17  SCV, Refinery  
  62  5:19  Marine x3  
  62  5:20  Combat Shield  
  66  5:23  SCV  
  66  5:26  Supply Depot  
  67  5:32  SCV  
  67  5:33  Starport Reactor  
  68  5:39  Command Center  
  68  5:42  Terran Infantry Weapons Level 1  
  68  5:43  Marine x2  
  68  5:44  SCV  
  69  5:50  SCV  
  69  5:53  Marauder x2  
  69  5:56  SCV  
  73  6:00  Marine x2  
  73  6:03  SCV  
  76  6:04  Factory Reactor  
  76  6:08  SCV  
  76  6:09  Medivac  
  79  6:12  Medivac  
  79  6:13  Supply Depot  
  79  6:14  Marauder, Marine  
  79  6:15  Supply Depot  
  79  6:16  SCV  
  85  6:19  Marine  
  86  6:30  SCV x2  
  86  6:32  Marauder, Marine  
  90  6:33  Supply Depot  
  90  6:36  Marauder  
  90  6:39  Concussive Shells  
  92  6:41  Marine  
  92  6:44  Barracks, Medivac x2  
  98  6:47  Widow Mine  
  98  6:49  Widow Mine  
  98  6:53  Barracks  
  98  6:54  SCV, Marauder  
  104  6:57  Marauder, Marine, SCV  
  98  7:10  Widow Mine  
  98  7:11  Marine  
  98  7:12  SCV  
  98  7:14  Medivac x2  
  99  7:18  Orbital Command  
  99  7:22  Marauder, Marine  
  97  7:24  SCV x2  
  99  7:30  Marauder, Marine, Ghost Academy  
  99  7:33  Barracks Reactor, Armory  
  99  7:35  Supply Depot  
  99  7:36  SCV  
  103  7:37  Widow Mine  
  103  7:39  SCV  
  103  7:40  Marauder, Marine  
  103  7:42  Orbital Command  
  109  7:44  Viking  
  109  7:46  Marine  
  109  7:47  Widow Mine  
  109  7:49  Marine  
  109  7:51  SCV  
  116  7:53  Marauder  
  116  7:58  Marine  
  114  8:01  Marine  
  114  8:02  Widow Mine  
  114  8:04  Marauder  
  115  8:06  Marine  
  115  8:07  SCV  
  115  8:09  SCV  
  115  8:12  Marine  
  119  8:14  Marauder, Marine  
  119  8:16  Marine  
  119  8:19  Marine  
  122  8:21  SCV  
  122  8:24  Marine  
  122  8:25  Marauder  
  122  8:28  Widow Mine x2  
  122  8:29  Marine  
  122  8:31  SCV  
  122  8:32  SCV  
  127  8:34  Refinery  
  127  8:35  Ghost  
  127  8:37  Marauder  
  127  8:38  SCV  
  132  8:44  Marine  
  132  8:46  Ghost  
  132  8:47  SCV  
  136  8:49  Widow Mine x2  
  136  8:54  SCV  
  139  8:58  Refinery  
  139  8:59  Bunker, Marauder  
  139  9:01  Supply Depot x2  
  141  9:04  SCV, Marine  
  141  9:10  SCV  
  141  9:12  Ghost, Widow Mine  
  141  9:15  Widow Mine  
  140  9:21  SCV  
  140  9:22  Command Center, Ghost, SCV  
  140  9:23  Marauder  
  146  9:26  Supply Depot  
  146  9:28  Sensor Tower, Terran Infantry Armor Level 1  
  146  9:29  Marine  
  146  9:30  Engineering Bay  
  147  9:33  Widow Mine  
  147  9:35  Supply Depot  
  147  9:37  Widow Mine  
  151  9:40  Marine  
  151  9:42  Marine, Marauder  
  151  9:43  Ghost  
  157  9:50  Ghost  
  157  9:51  Marine  
  160  9:53  Marine  
  160  9:54  Widow Mine  
  160  9:58  Marine, Widow Mine  
  166  10:00  Terran Infantry Weapons Level 2, Supply Depot  
  166  10:01  Supply Depot  
  166  10:03  Marauder  
  168  10:08  Marine  
  168  10:09  Medivac  
  168  10:13  Marauder  
  173  10:22  Widow Mine, Medivac  
  173  10:23  Barracks x2  
  173  10:25  Barracks  
  158  10:29  Marauder, Marine  
  158  10:30  Marine  
  158  10:35  Marine x4  
  149  10:39  Medivac  
  134  10:45  SCV  
  134  10:47  Marine x2  
  134  10:49  Widow Mine x2  
  122  10:51  Marauder  
  122  10:52  SCV, Medivac  
  122  10:53  Marine x4  
  122  10:56  SCV  
  100  11:05  Orbital Command, Marine x2  
  100  11:09  SCV, Medivac  
  100  11:11  Widow Mine x2, Marine x2  
  104  11:16  Ghost  
  104  11:17  Marine  
  99  11:26  Ghost  
  101  11:33  Marine x2  
  101  11:34  Marine  
  106  11:40  Marauder  
  106  11:47  SCV x2  
  106  11:48  SCV  
  109  11:56  Ghost  
  109  11:59  SCV  
  109  12:00  SCV  
  113  12:04  Marine  
  113  12:05  Ghost  
  113  12:07  Marine x4  
  105  12:18  Planetary Fortress  
  105  12:21  Widow Mine  
  105  12:22  Marine  
  104  12:24  Marine  
  104  12:25  Marine x4  
  104  12:28  Medivac x2  
  112  12:34  Marauder  
  113  12:40  Marine  
  113  12:42  Marine x3  
  113  12:43  Marine x2  
  117  12:45  SCV x2  
  117  12:46  SCV  
  117  12:47  Widow Mine x2  
  124  12:55  Marine, SCV  
  124  12:57  Marine, SCV x2  
  124  12:58  SCV  
  132  13:00  Marine x4  
  132  13:01  Marauder  
  132  13:03  Bunker  
  132  13:05  Supply Depot  
  138  13:08  Widow Mine  
  138  13:09  SCV  
  141  13:13  Liberator x2  
  141  13:14  Marauder, Refinery  
  141  13:15  Marine  
  141  13:16  Refinery  
  141  13:17  SCV  
  141  13:18  Marine  
  141  13:19  Marauder  
  152  13:22  Marauder, SCV x2  
  152  13:23  SCV  
  152  13:25  Marine  
  158  13:31  SCV  
  158  13:34  SCV x2  
  159  13:35  Marauder  
  159  13:37  Marine  
  159  13:39  Ghost  
  159  13:40  SCV, Refinery  
  159  13:41  Refinery  
  166  13:42  Marine  
  166  13:43  Marauder, SCV  
  166  13:46  SCV  
  171  13:49  Marine  
  171  13:50  Widow Mine  
  171  13:51  SCV, Widow Mine  
  171  13:54  Marine  
  178  13:55  Viking  
  178  14:02  Marine x2  
  180  14:03  Supply Depot  
  180  14:07  Supply Depot  
  180  14:15  Marine  
  180  14:16  Viking  
  179  14:17  Marauder  
  179  14:19  Marine  
  169  14:24  Ghost x2  
  169  14:25  Marine  
  169  14:27  Marine  
  169  14:29  Widow Mine x2  
  164  14:33  Marine  
  164  14:37  Marine  
  164  14:39  Marauder  
  164  14:43  Marine  
  164  14:44  Marine  
  168  14:48  Command Center, SCV  
  168  14:50  Marine  
  168  14:51  Widow Mine x2  
  168  14:53  Ghost x2, SCV  
  168  14:55  Marine  
  174  15:00  Marine  
  174  15:01  Marine, Medivac  
  174  15:03  Medivac  
  174  15:04  SCV  
  174  15:07  SCV x2, Refinery  
  183  15:15  SCV  
  183  15:17  Marine  
  183  15:18  Barracks Tech Lab x3, Marauder  
  183  15:21  Ghost, SCV  
  188  15:22  Marauder, SCV  
  188  15:24  Missile Turret  
  193  15:30  Starport  
  193  15:31  Viking  
  195  15:38  Viking  
  197  15:54  Marauder, Marine  
  197  15:55  Marine  
  197  15:56  Marauder  
  200  16:04  Marine  
  195  16:07  Marine  
  191  16:17  Marine  
  191  16:18  Marine  
  190  16:19  Marine  
  190  16:20  Marine  
  190  16:22  Marine  
Show
View Real Time Build Order
Export as new Build Order

PtitDrogo Protoss 

Build Orders: 1 Gate Expand, Blink Stalkers 

Get SALT Encoding   

  12  0:00  Probe  
  13  0:12  Probe  
  14  0:16  Pylon  
  14  0:24  Probe  
  15  0:35  Gateway  
  15  0:36  Probe (Chrono Boost)  
  16  0:46  Assimilator, Probe (Chrono Boost)  
  17  0:51  Probe (Chrono Boost)  
  18  1:03  Probe  
  19  1:15  Probe  
  20  1:22  Cybernetics Core  
  20  1:32  Nexus  
  20  1:37  Pylon  
  20  1:40  Probe  
  20  1:46  Assimilator  
  21  1:52  Probe  
  22  1:55  Adept (Chrono Boost)  
  22  1:58  Warp Gate  
  24  2:04  Probe  
  25  2:15  Stalker (Chrono Boost)  
  25  2:16  Probe  
  28  2:29  Probe  
  29  2:31  Twilight Council  
  29  2:41  Gateway  
  30  2:45  Probe x2 (Chrono Boost)  
  31  2:54  Probe (Chrono Boost)  
  31  2:56  Probe (Chrono Boost)  
  33  2:59  Probe (Chrono Boost)  
  33  3:00  Stalker  
  33  3:05  Probe  
  37  3:07  Blink (Chrono Boost)  
  37  3:11  Probe  
  38  3:24  Probe  
  39  3:27  Probe  
  39  3:31  Robotics Facility  
  40  3:36  Probe  
  40  3:39  Probe  
  42  3:47  Stalker x2, Pylon  
  46  3:55  Pylon  
  46  3:58  Nexus  
  46  4:05  Probe x2  
  48  4:11  Stalker x2  
  52  4:17  Probe  
  52  4:20  Observer (Chrono Boost)  
  52  4:21  Probe  
  55  4:30  Probe (Chrono Boost)  
  54  4:33  Probe (Chrono Boost)  
  50  4:45  Probe (Chrono Boost)  
  52  4:46  Assimilator  
  52  4:48  Probe (Chrono Boost)  
  52  4:50  Gateway  
  52  4:51  Gateway, Probe (Chrono Boost)  
  53  4:53  Forge  
  53  4:54  Probe (Chrono Boost)  
  53  4:58  Observer  
  53  4:59  Probe  
  56  5:04  Stalker  
  56  5:06  Pylon  
  56  5:07  Probe (Chrono Boost), Stalker  
  61  5:10  Probe (Chrono Boost)  
  61  5:11  Probe (Chrono Boost)  
  63  5:18  Observer  
  63  5:19  Charge  
  66  5:21  Probe (Chrono Boost)  
  66  5:22  Probe (Chrono Boost)  
  66  5:23  Probe (Chrono Boost)  
  66  5:24  Protoss Ground Weapons Level 1 (Chrono Boost)  
  66  5:26  Probe (Chrono Boost)  
  67  5:28  Probe (Chrono Boost)  
  67  5:30  Probe  
  67  5:33  Pylon  
  69  5:37  Probe  
  69  5:42  Probe  
  71  5:52  Immortal (Chrono Boost)  
  73  5:58  Gateway, Probe x2  
  73  6:02  Gateway  
  73  6:03  Gateway x2  
  75  6:05  Templar Archives  
  75  6:07  Gateway  
  75  6:09  Probe  
  76  6:12  Shield Battery  
  76  6:13  Stalker  
  76  6:15  Stalker, Pylon  
  80  6:19  Probe  
  80  6:25  Pylon  
  81  6:27  Pylon  
  81  6:31  Zealot x2, Immortal (Chrono Boost)  
  89  6:43  Zealot x2  
  89  6:46  Shield Battery, Pylon  
  91  6:54  Pylon  
  91  6:55  Pylon  
  91  6:56  Sentry  
  91  6:57  Zealot x2  
  91  6:58  Zealot x3  
  93  7:12  Zealot x3  
  93  7:13  Warp Prism  
  97  7:22  Stalker x5  
  97  7:25  Probe  
  97  7:26  Probe x2  
  100  7:36  Assimilator  
  100  7:37  Psionic Storm, Assimilator  
  100  7:38  Probe  
  100  7:42  Nexus  
  101  7:44  Pylon  
  101  7:50  Zealot x2  
  104  8:00  Zealot x4  
  106  8:08  Protoss Ground Armor Level 1 (Chrono Boost)  
  106  8:12  Probe  
  107  8:13  Immortal (Chrono Boost)  
  105  8:21  Pylon  
  105  8:22  Probe  
  95  8:27  Pylon  
  95  8:30  Probe  
  97  8:34  Probe  
  97  8:35  Photon Cannon  
  97  8:36  Photon Cannon x2  
  97  8:37  Zealot x2  
  101  8:49  Stalker x3  
  107  8:58  High Templar  
  107  9:03  Probe  
  108  9:14  Nexus  
  108  9:15  Pylon  
  105  9:17  High Templar  
  105  9:18  Zealot x6  
  105  9:20  Warp Prism (Chrono Boost)  
  121  9:34  Zealot x2  
  125  9:44  High Templar  
  125  9:45  Zealot x5  
  137  9:49  Archon  
  137  9:54  Zealot x3  
  141  10:11  High Templar x2, Zealot x2  
  149  10:15  Pylon  
  149  10:16  Photon Cannon  
  127  10:32  Zealot x7  
  127  10:34  Probe x2  
  127  10:35  Archon  
  107  10:44  Stalker x2  
  95  10:54  Observer  
  83  10:57  Zealot x7  
  83  11:00  Protoss Ground Armor Level 2 (Chrono Boost)  
  83  11:10  Stalker x2  
  83  11:11  Probe x3  
  82  11:23  High Templar x4  
  84  11:26  Immortal (Chrono Boost)  
  84  11:34  Probe x2  
  84  11:36  Shield Battery  
  84  11:38  Zealot x5  
  96  11:43  Photon Cannon, Probe  
  97  11:53  Robotics Bay  
  97  11:56  Immortal (Chrono Boost)  
  97  11:58  Stalker  
  99  12:03  Stalker  
  99  12:07  Zealot x4  
  108  12:12  Zealot  
  108  12:13  Zealot  
  106  12:20  Zealot  
  106  12:23  Zealot  
  106  12:28  Archon x2  
  108  12:30  Zealot x5  
  112  12:38  Colossus (Chrono Boost)  
  106  12:48  Sentry, Robotics Facility  
  106  12:49  Zealot x3  
  106  12:56  Stalker x2  
  106  12:57  Zealot x2, Stalker  
  116  12:59  Probe x2  
  118  13:06  Nexus  
  118  13:08  Extended Thermal Lance  
  118  13:19  Observer (Chrono Boost)  
  114  13:23  Pylon  
  115  13:32  Colossus (Chrono Boost)  
  115  13:34  Assimilator  
  119  13:42  Probe  
  119  13:44  Zealot x9, Assimilator  
  135  14:10  Stalker x5  
  135  14:11  Protoss Ground Weapons Level 2 (Chrono Boost), Zealot x3  
  135  14:16  Zealot  
  149  14:17  Nexus  
  149  14:18  Pylon  
  106  14:32  Zealot x3  
  106  14:33  Probe  
  106  14:34  Stalker x4  
  106  14:37  Pylon  
  113  14:40  Immortal (Chrono Boost)  
  113  14:44  Probe  
  118  14:47  Zealot x3  
  120  14:54  Probe x3  
  120  14:56  Zealot, Probe  
  122  15:00  Colossus (Chrono Boost)  
  128  15:08  Zealot x2  
  128  15:13  Probe x2  
  134  15:16  Observer (Chrono Boost)  
  135  15:33  Observer (Chrono Boost)  
  136  15:36  Stalker x2  
  136  15:37  Stalker  
  136  15:38  Photon Cannon, Stalker  
  136  15:42  Stalker x2  
  146  15:43  Shield Battery  
  142  15:57  Zealot x3  
  140  16:06  Zealot x5  
  140  16:15  Zealot  
  107  16:20  Zealot x3  
  82  16:27  Zealot x5  
Tags
 
Add a new tag
Caveats
  • Supply blocks, unpowered buildings, or Contaminate may cause inaccurate times.
  • Supply counts are checked every 10 seconds.